 Dungeon Crawl Stone Soup version 0.31-a0-167-g1c394c0614 (webtiles) character file.

Game seed: 4650654360356616301

182 qw the Shooter (level 5, -3/49 HPs)
             Began as a Naga Hunter on June 14, 2023.
             Slain by Eustachio
             ... wielding a +0 rapier
              (4 damage)
             ... on level 4 of the Dungeon.
             The game lasted 00:01:01 (2167 turns).

qw the Shooter (Naga Hunter)                        Turns: 2167, Time: 00:01:02

Health: -3/49      AC:  4    Str: 13    XL:     5   Next: 61%
Magic:  5/5        EV:  9    Int: 10    God:
Gold:   186        SH:  5    Dex: 16    Spells: 4/4 levels left

rFire   . . .        Y - +0 shortbow
rCold   . . .        (shield currently unavailable)
rNeg    . . .        c - +0 leather armour
rPois   +            (no helmet)
rElec   .            (no cloak)
rCorr   .            i - +0 pair of gloves
SInv    +            (no barding)
Will    .....        e - amulet of reflection
Stlth   ++           (no ring)
HPRegen 0.28/turn    (no ring)
MPRegen 0.09/turn

%: reflection
@: short of breath, very slow
A: AC +1, large, see invisible, deformed body, poison resistance, slowness 2,
spit poison 1, naga tail 1
a: Spit Poison


You were on level 4 of the Dungeon.
You visited 1 branch of the dungeon, and saw 4 of its levels.

You collected 186 gold pieces.


Innate Abilities, Weirdness & Mutations

Your serpentine skin is tough. (AC +1)
You have supernaturally acute eyesight. (SInv)
Armour fits poorly on your strangely shaped body.
Your system is resistant to poisons. (rPois)
You cover ground very slowly.
You can spit poison.
You have a snake-like lower body.


   Skills:
 - Level 3.2 Fighting
 + Level 5.6 Ranged Weapons
 - Level 1.5 Dodging
 - Level 1.5 Stealth


You had 4 spell levels left.
You didn't know any spells.
Your spell library was empty.

Inventory:

Hand Weapons
 Y - a +0 shortbow (weapon)
Armour
 c - a +0 leather armour (worn)
 i - a +0 pair of gloves (worn)
Jewellery
 e - an amulet of reflection (around neck)
Scrolls
 a - 2 scrolls of identify
Potions
 d - a potion of haste
 f - a potion of curing
 g - 2 potions of mutation
 h - a potion of magic {unknown}
 j - a potion of cancellation

Dungeon Overview and Level Annotations

Branches:
Dungeon (4/15)
 Temple: D:4-7

Altars:
Dithmenos

Annotations:
D:4 Edmund, Eustachio


Message History

Eustachio is heavily wounded.
You shoot an arrow. The arrow misses Eustachio.
You have got your breath back.
Eustachio closely misses you. Eustachio barely misses you.
2158 ||| INVOKING Spit Poison.
Aiming: Spit Poison (1% risk of failure)
Press: ? - help, Shift-Dir - straight line, f/p - Eustachio The splash of poison misses Eustachio.
Eustachio hits you with a +0 rapier.
You shoot an arrow. The arrow hits Eustachio!
Eustachio is severely wounded.
Eustachio mumbles some strange words.
Eustachio blinks!
You shoot an arrow. The arrow barely misses Eustachio.
You start resting.
You have got your breath back.
Eustachio is nearby!
2162 ||| INVOKING Spit Poison.
Aiming: Spit Poison (1% risk of failure)
Press: ? - help, Shift-Dir - straight line, f/p - Eustachio The splash of poison misses Eustachio.
You shoot an arrow. The arrow closely misses Eustachio.
You block Eustachio's attack.
You shoot an arrow. The arrow barely misses Eustachio.
You have got your breath back.
Eustachio mumbles some strange words.
2165 ||| INVOKING Spit Poison.
Aiming: Spit Poison (1% risk of failure)
Press: ? - help, Shift-Dir - straight line, f/p - Eustachio The splash of poison misses Eustachio.
Eustachio hits you with a +0 rapier! You block the white imp's attack.
You shoot an arrow. The arrow hits Eustachio.
Eustachio is severely wounded.
Eustachio hits you with a +0 rapier. The white imp closely misses you.
You shoot an arrow. The arrow closely misses Eustachio.
Eustachio barely misses you.
The white imp picks up a beetle and eats it.
The white imp hits you but does no damage.
Eustachio hits you with a +0 rapier.
You die...

#
####.####
#.@55)..#
#@# #5#
#.# #.#
#.. ###


You could see Eustachio, a white imp (summoned), a shadow imp (summoned) and an
ufetubus (summoned).

Vanquished Creatures
  A hound (D:4)
  Natasha (D:3)
  An iguana (D:4)
  An adder (D:3)
  An ufetubus (D:4)
  3 worms (D:2)
  A dart slug (D:2)
  6 orcs (D:4)
  4 endoplasms (D:1)
  2 giant cockroaches (D:2)
  7 goblins
  4 hobgoblins
  9 jackals
  7 kobolds
  5 quokkas
  6 ball pythons
  6 bats
  A frilled lizard (D:1)
  3 rats
69 creatures vanquished.

Notes
Turn   | Place    | Note
-------+----------+-------------------------------------------
     0 | D:1      | qw the Naga Hunter began the quest for the Orb.
     0 | D:1      | Reached XP level 1. HP: 19/19 MP: 1/1
     0 | D:1      | 0 ||| qw: Version: 0.2-a-29-g1fa15c8
     0 | D:1      | 0 ||| qw: Game counter: 4949
     0 | D:1      | 0 ||| qw: Always use a shield: true
     0 | D:1      | 0 ||| qw: God list: Okawaru
     0 | D:1      | 0 ||| qw: Allow faded altars: false
     0 | D:1      | 0 ||| qw: Do Orc after D:15 true
     0 | D:1      | 0 ||| qw: Do second Lair branch before Depths: true
     0 | D:1      | 0 ||| qw: Lair rune preference: random
     0 | D:1      | 0 ||| qw: Plans: Normal
     0 | D:1      | 0 ||| PLANNING D:1-11
    60 | D:1      | 60 ||| INVOKING Spit Poison.
    85 | D:1      | 85 ||| INVOKING Spit Poison.
   140 | D:1      | 140 ||| INVOKING Spit Poison.
   161 | D:1      | 161 ||| INVOKING Spit Poison.
   165 | D:1      | 165 ||| INVOKING Spit Poison.
   166 | D:1      | Reached skill level 4 in Ranged Weapons
   166 | D:1      | Reached XP level 2. HP: 21/26 MP: 2/2
   219 | D:1      | 219 ||| INVOKING Spit Poison.
   224 | D:1      | 224 ||| INVOKING Spit Poison.
   234 | D:1      | 234 ||| INVOKING Spit Poison.
   262 | D:1      | 262 ||| INVOKING Spit Poison.
   445 | D:1      | 445 ||| INVOKING Spit Poison.
   450 | D:1      | 450 ||| INVOKING Spit Poison.
   628 | D:1      | 628 ||| INVOKING Spit Poison.
   629 | D:1      | 629 ||| INVOKING Spit Poison.
   633 | D:1      | 633 ||| UPGRADING to +0 pair of gloves.
   638 | D:1      | 638 ||| UPGRADING to amulet of reflection.
   643 | D:1      | 643 ||| READING scroll labelled DOEVUGH POETH.
   644 | D:1      | 644 ||| READING scroll labelled RAMO BEITH.
   645 | D:1      | 645 ||| DRINKING 2 green potions.
   646 | D:1      | 646 ||| DROPPING scroll of butterflies.
   751 | D:2      | 751 ||| INVOKING Spit Poison.
   756 | D:2      | 756 ||| INVOKING Spit Poison.
   758 | D:2      | Reached XP level 3. HP: 30/32 MP: 3/3
   841 | D:2      | 841 ||| INVOKING Spit Poison.
   849 | D:2      | 849 ||| INVOKING Spit Poison.
   863 | D:2      | 863 ||| INVOKING Spit Poison.
   868 | D:2      | 868 ||| INVOKING Spit Poison.
   881 | D:2      | 881 ||| INVOKING Spit Poison.
   885 | D:2      | 885 ||| INVOKING Spit Poison.
   888 | D:2      | 888 ||| INVOKING Spit Poison.
   924 | D:2      | 924 ||| INVOKING Spit Poison.
   930 | D:2      | 930 ||| INVOKING Spit Poison.
   936 | D:2      | 936 ||| INVOKING Spit Poison.
   939 | D:2      | 939 ||| INVOKING Spit Poison.
   940 | D:2      | 940 ||| INVOKING Spit Poison.
  1011 | D:2      | 1011 ||| INVOKING Spit Poison.
  1027 | D:2      | Reached skill level 5 in Ranged Weapons
  1136 | D:2      | 1136 ||| INVOKING Spit Poison.
  1139 | D:2      | Reached XP level 4. HP: 38/39 MP: 4/4
  1140 | D:2      | 1140 ||| INVOKING Spit Poison.
  1155 | D:2      | 1155 ||| INVOKING Spit Poison.
  1462 | D:2      | 1462 ||| READING 3 scrolls labelled VISUCIRUGU.
  1466 | D:2      | 1466 ||| READING scroll labelled XOUNITADDAXT.
  1467 | D:2      | 1467 ||| READING scroll labelled VADEAMP MIODYD.
  1468 | D:2      | 1468 ||| READING 2 scrolls of identify.
  1468 | D:2      | 1468 ||| IDENTIFYING fuming puce potion
  1498 | D:3      | 1498 ||| INVOKING Spit Poison.
  1502 | D:3      | 1502 ||| INVOKING Spit Poison.
  1541 | D:3      | 1541 ||| INVOKING Spit Poison.
  1544 | D:3      | 1544 ||| INVOKING Spit Poison.
  1580 | D:3      | 1580 ||| INVOKING Spit Poison.
  1648 | D:3      | 1648 ||| INVOKING Spit Poison.
  1686 | D:3      | Noticed Natasha
  1687 | D:3      | 1687 ||| INVOKING Spit Poison.
  1692 | D:3      | 1692 ||| INVOKING Spit Poison.
  1697 | D:3      | 1697 ||| INVOKING Spit Poison.
  1697 | D:3      | Killed Natasha
  1698 | D:3      | Reached skill level 3 in Fighting
  1785 | D:3      | Found a faded altar of an unknown god.
  1879 | D:3      | 1879 ||| READING 5 scrolls of identify.
  1879 | D:3      | 1879 ||| IDENTIFYING silvery potion
  1880 | D:3      | 1880 ||| READING 4 scrolls of identify.
  1880 | D:3      | 1880 ||| IDENTIFYING blue potion
  1881 | D:3      | 1881 ||| READING 3 scrolls of identify.
  1881 | D:3      | 1881 ||| IDENTIFYING white potion
  1882 | D:3      | 1882 ||| READING 2 scrolls of identify.
  1882 | D:3      | 1882 ||| IDENTIFYING fuming pink potion
  1883 | D:3      | 1883 ||| DROPPING potion of degeneration.
  1897 | D:4      | 1897 ||| INVOKING Spit Poison.
  1898 | D:4      | Noticed Edmund
  1902 | D:4      | 1902 ||| INVOKING Spit Poison.
  1905 | D:4      | HP: 9/42 [Edmund/+0 heavy flail (19)]
  1906 | D:4      | 1906 ||| READING 2 scrolls of teleportation.
  1907 | D:4      | 1907 ||| DRINKING potion of heal wounds.
  1908 | D:4      | 1908 ||| INVOKING Spit Poison.
  1923 | D:4      | 1923 ||| INVOKING Spit Poison.
  1926 | D:4      | 1926 ||| INVOKING Spit Poison.
  1931 | D:4      | 1931 ||| INVOKING Spit Poison.
  1934 | D:4      | Reached XP level 5. HP: 49/49 MP: 5/5
  1936 | D:4      | 1936 ||| INVOKING Spit Poison.
  1971 | D:4      | 1971 ||| INVOKING Spit Poison.
  1978 | D:4      | 1978 ||| INVOKING Spit Poison.
  1985 | D:4      | Found a shadowy altar of Dithmenos.
  2041 | D:4      | 2041 ||| INVOKING Spit Poison.
  2047 | D:4      | 2047 ||| INVOKING Spit Poison.
  2090 | D:4      | 2090 ||| INVOKING Spit Poison.
  2094 | D:4      | 2094 ||| INVOKING Spit Poison.
  2100 | D:4      | 2100 ||| INVOKING Spit Poison.
  2105 | D:4      | 2105 ||| INVOKING Spit Poison.
  2108 | D:4      | 2108 ||| INVOKING Spit Poison.
  2114 | D:4      | 2114 ||| INVOKING Spit Poison.
  2115 | D:4      | 2115 ||| INVOKING Spit Poison.
  2116 | D:4      | HP: 11/49 [Edmund/+0 heavy flail (8)]
  2117 | D:4      | 2117 ||| READING scroll of teleportation.
  2119 | D:4      | 2119 ||| INVOKING Spit Poison.
  2146 | D:4      | 2146 ||| INVOKING Spit Poison.
  2148 | D:4      | Noticed Eustachio
  2151 | D:4      | 2151 ||| INVOKING Spit Poison.
  2158 | D:4      | 2158 ||| INVOKING Spit Poison.
  2162 | D:4      | 2162 ||| INVOKING Spit Poison.
  2165 | D:4      | 2165 ||| INVOKING Spit Poison.
  2165 | D:4      | HP: 7/49 [Eustachio/+0 rapier (8)]
  2166 | D:4      | HP: 1/49 [Eustachio/+0 rapier (6)]
  2167 | D:4      | Slain by Eustachio

Levels and vault maps discovered:
D:1:      ldierk_walled_garden, layout_loops_ring
D:2:      layout_basic, serial_bayou_pond_a, minmay_tromino_v4_c
D:3:      layout_rooms, hellmonk_ecumenical_altar_inner_sanctum, uniq_natasha
D:4:      layout_loops_cross, kennysheep_little_box, mainiacjoe_overflow_swirl,
          mainiacjoe_overflow_alcove_2, ebering_ghost_sewer_f, uniq_eustachio,
          uniq_duvessa, uniq_edmund

Skill      XL: |  1  2  3  4 |
---------------+-------------+-----
Ranged Weapons | 4 5 |  5.6
Fighting       | 3 |  3.2
Dodging        | |  1.5
Stealth        | |  1.5

Action                     |  1- 3 |  4- 6 || total
---------------------------+-------+-------++-------
   Fire: Shortbow          |    78 |    91 ||   169
Ability: Spit Poison       |    27 |    34 ||    61
    Use: Scroll            |     2 |    10 ||    12
         Potion            |     1 |     1 ||     2
 Armour: Leather armour    |    14 |    12 ||    26
  Dodge: Dodged            |    15 |    23 ||    38
  Block: Other             |     6 |    13 ||    19
         Reflection        |     1 |       ||     1

Table legend:
 A = Non-vault XP
 B = Vault XP
 C = Vault XP percentage of total XP
 D = Non-vault monster count
 E = Vault monster count
 F = Vault count percentage of total count
                 A         B        C        D         E       F
            +---------+---------+-------+---------+---------+-------
      Total |     225 |      35 |  13.5 |      68 |       1 |   1.4
            +---------+---------+-------+---------+---------+-------
        D:1 |      28 |       0 |   0.0 |      16 |       0 |   0.0
        D:2 |      61 |       0 |   0.0 |      29 |       0 |   0.0
        D:3 |      30 |      35 |  53.8 |      11 |       1 |   8.3
        D:4 |     106 |       0 |   0.0 |      12 |       0 |   0.0
            +---------+---------+-------+---------+---------+-------
